 Dungeon Crawl Stone Soup version 0.31-a0-691-g409c26aa35 (webtiles) character file.

Game seed: 14121787850880626515

0 GloriousHammer the Trooper (level 1, -1/22 HPs)
             Began as an Ogre Warper on Sept 6, 2023.
             Slain by a gnoll
             ... wielding a +0 club
              (7 damage)
             ... on level 1 of the Dungeon.
             The game lasted 00:00:20 (79 turns).

GloriousHammer the Trooper (Ogre Warper)              Turns: 79, Time: 00:00:20

Health: -1/22      AC:  3    Str: 14    XL:     1   Next: 10%
Magic:  3/3        EV:  9    Int: 14    God:
Gold:   0          SH:  0    Dex:  8    Spells: 4/4 levels left

rFire   . . .        a - +0 mace
rCold   . . .        (no shield)
rNeg    . . .        b - +0 robe
rPois   .            (helmet restricted)
rElec   .            (no cloak)
rCorr   .            (gloves unavailable)
SInv    .            (boots unavailable)
Will    .....        (no amulet)
Stlth   +            (no ring)
HPRegen 0.23/turn    (no ring)
MPRegen 0.08/turn

%: no passive effects
@: no status effects
A: large, unfitting armour, tough skin 1
a: no special abilities


You were on level 1 of the Dungeon.
You visited 1 branch of the dungeon, and saw 1 of its levels.

Inventory:

Hand Weapons
 a - a +0 mace (weapon)
Missiles
 d - 7 darts of dispersal (quivered)
Armour
 b - a +0 robe (worn)
Scrolls
 c - a scroll of blinking
 e - a scroll of teleportation {unknown}
Potions
 f - a potion of attraction {unknown}


   Skills:
 * Level 2.7 Fighting
 + Level 1.8 Maces & Flails
 - Level 1.0 Throwing
 - Level 2.1 Dodging
 - Level 2.4 Spellcasting
 - Level 2.6 Translocations


You had 4 spell levels left.
You didn't know any spells.
Your spell library contained the following spells:

 Spells                   Type           Power      Damage    Failure   Level
 Blink                    Tloc           18%        N/A       12%         2
 Lesser Beckoning         Tloc           18%        N/A       12%         2
 Teleport Other           Tloc           9%         N/A       22%         3
 Manifold Assault         Tloc           9%         N/A       58%         4
 Vhi's Electric Charge    Tloc/Air       10%        N/A       78%         4


Dungeon Overview and Level Annotations

Branches:
Dungeon (1/15)

Altars:


Innate Abilities, Weirdness & Mutations

You are too large for most types of armour.
You have tough skin. (AC +1)


Message History

Welcome, GloriousHammer the Ogre Warper.
A smirking vizier told you that the Orb of Zot is just within this dungeon.
Press ? for a list of commands and other information.
Found a staircase leading out of the dungeon.
You open the door.
There is an open door here.
Found a short sword.
Found an inky potion.
e - a scroll labelled BUCYVV SEOTACW
f - an inky potion A bat comes into view.
A bat is nearby!
An endoplasm comes into view.
A gnoll comes into view. It is wielding a +0 club.
The gnoll shouts!
You hear a shout!
The bat barely misses you.
A giant cockroach comes into view.
The bat closely misses you.
You barely miss the bat. The bat hits you but does no damage.
A hobgoblin comes into view.
A bat comes into view.
The bat closely misses you.
You miss the bat. The bat completely misses you. The bat barely misses you.
The bat misses you.
A rat comes into view.
You closely miss the bat. The bat barely misses you.
The bat closely misses you. The bat hits you but does no damage.
You barely miss the bat. The bat hits you but does no damage.
The bat barely misses you. The bat hits you but does no damage.
You miss the bat. The bat completely misses you. The bat hits you.
The bat hits you but does no damage.
You sock the bat!
You kill the bat!
You closely miss the gnoll. The gnoll hits you with a +0 club. x2
You hit the gnoll.
The gnoll is moderately wounded.
The gnoll barely misses you.
You barely miss the gnoll.
The gnoll is moderately wounded.
The gnoll barely misses you.
You completely miss the gnoll.
The gnoll is moderately wounded.
The gnoll hits you with a +0 club. The gnoll barely misses you.
You hit the gnoll but do no damage.
The gnoll is moderately wounded.
The gnoll closely misses you.
You hit the gnoll.
The gnoll is heavily wounded.
The gnoll barely misses you.
You hit the gnoll but do no damage.
The gnoll is heavily wounded.
The gnoll hits you with a +0 club.
* * * LOW HITPOINT WARNING * * *
You barely miss the gnoll.
The gnoll is heavily wounded.
The gnoll hits you but does no damage. The gnoll hits you with a +0 club!
You die...

##########.........
#..........#.######
#.##.##.##...# #
#....##.###### #
#..####.# ###
#..####.# #.)
#.......#########.#
##.#####.......##..
#@# #.......##..
#g# #...........
##B# #.......##..
#rg# #.......##..
#.#J# #.......##..
#..#.# ##########.#
#.###.. ... ..# ...
..#


You could see a gnoll, an endoplasm, a giant cockroach, a hobgoblin and a rat.

Vanquished Creatures
  A bat (D:1)
1 creature vanquished.

Notes
Turn   | Place    | Note
-------+----------+-------------------------------------------
     0 | D:1      | GloriousHammer the Ogre Warper began the quest for the Orb.
     0 | D:1      | Reached XP level 1. HP: 22/22 MP: 3/3
    79 | D:1      | Slain by a gnoll

Illustrated notes

Levels and vault maps discovered:
D:1:      dpeg_arrival_tiny_e, layout_loops_cross, minmay_pentomino_w4

Action                     || total
---------------------------++-------
  Melee: Mace              ||    14
 Armour: Robe              ||    12
  Dodge: Dodged            ||    15

Table legend: (Time is in decaauts)
 A = Elapsed time spent in this place.
 B = Non-inter-level travel time spent in this place.
 C = Inter-level travel time spent in this place.
 D = Time resting spent in this place.
 E = Time spent auto-exploring this place.
 F = Levels seen in this place.
 G = Mean time per level.
                   A        B        C        D        E       F      G
               +--------+--------+--------+--------+--------+-----+--------+
         Total |     83 |     83 |      0 |      0 |     49 |   1 |   83.0 |
       Dungeon |     83 |     83 |      0 |      0 |     49 |   1 |   83.0 |
               +--------+--------+--------+--------+--------+-----+--------+

Top non-repeatable levels by time:
     D:1: 83 daAuts
